 Dungeon Crawl Stone Soup version 0.19.1-1-g22dce08 (webtiles) character file.

1089 Patate the Covert (level 8, -7/36 HPs)
             Began as a Spriggan Enchanter on Jan 15, 2017.
             Shot with an arrow by a centaur (14 damage)
             ... on level 7 of the Dungeon.
             The game lasted 00:42:40 (9617 turns).

Patate the Covert (Spriggan Enchanter)              Turns: 9617, Time: 00:42:41

Health: -7/36      AC:  4    Str: 10    XL:     8   Next: 9%
Magic:  2/13       EV: 23    Int: 19    God:
Gold:   367        SH:  0    Dex: 16    Spells: 3 memorised, 6 levels left

rFire  . . .     SeeInvis +     a - +1 dagger
rCold  . . .     Gourm    .     b - +2 robe
rNeg   . . .     Faith    .     (shield restricted)
rPois  .         Spirit   .     (helmet restricted)
rElec  +         Reflect  .     (no cloak)
rCorr  .         Harm     .     (gloves unavailable)
MR     +....                    (boots unavailable)
Stlth  +++++.....               (no amulet)
                                (no ring)
                                v - ring of Xetag {Wiz rElec Str+4 Int+2}

@: very quick
A: unfitting armour, see invisible, herbivore 3, speed 3, slow metabolism 2
a: no special abilities


You were on level 7 of the Dungeon.
You were not hungry.

You visited 1 branch of the dungeon, and saw 7 of its levels.

You collected 367 gold pieces.

Inventory:

Hand Weapons
 a - a +1 dagger (weapon)
Armour
 b - a +2 robe (worn)
Jewellery
 v - the ring of Xetag (left hand) {Wiz rElec Str+4 Int+2}
   (You found it on level 6 of the Dungeon)

   [ring of wizardry]

   It improves your spell success rate.
   It affects your strength (+4).
   It affects your intelligence (+2).
   It insulates you from electricity.
Wands
 r - a wand of disintegration (24/24)
Scrolls
 f - 2 scrolls of remove curse
 g - a scroll of fear
 h - 2 scrolls of identify
 k - a scroll of teleportation
 t - 3 scrolls of magic mapping
Potions
 e - 4 potions of curing
 i - 2 potions of ambrosia
 o - a potion of haste
 q - a potion of flight
 s - a potion of lignification
Books
 c - a book of Maledictions

   Spells                             Type                      Level
   a - Corona                         Hexes                        1
   b - Ensorcelled Hibernation        Hexes/Ice                    2
   c - Confuse                        Hexes                        3
   d - Tukima's Dance                 Hexes                        3
   e - Dazzling Spray                 Conjuration/Hexes            3
Comestibles
 d - 6 bread rations


   Skills:
 + Level 5.1 Short Blades
 + Level 7.9 Dodging
 - Level 10.8 Stealth
 - Level 2.6 Spellcasting
 - Level 3.6 Hexes


You had 6 spell levels left.
You knew the following spells:

 Your Spells              Type           Power        Failure   Level  Hunger
a - Corona                Hex            ###....      1%          1    None
b - Ensorcelled Hibernat  Hex/Ice        #.....       6%          2    ##.....
c - Confuse               Hex            ###.....     4%          3    ###....


Dungeon Overview and Level Annotations

Branches:
Dungeon (7/15)
 Temple: D:4-7

Altars:
Okawaru

Shops:
D:5 %


Innate Abilities, Weirdness & Mutations

You are very small and have problems with some larger weapons.
You are too small for most types of armour.
You have supernaturally acute eyesight. (SInv)
You are a herbivore.
You cover ground extremely quickly.
You need consume almost no food.


Message History

Aim: a centaur (lightly wounded, chance to defeat MR: 40%)
The centaur resists with some effort.
The centaur completely misses you.
You hit the centaur but do no damage.
The centaur is lightly wounded.
The centaur completely misses you.
Casting: Ensorcelled Hibernation
Confirm with . or Enter, or press ? or * to list all spells.
You don't have enough magic to cast that spell.
Casting: Ensorcelled Hibernation
Confirm with . or Enter, or press ? or * to list all spells.
You don't know that spell.
The centaur wields an uncursed shortbow.
The centaur shoots an arrow.
The arrow hits you!
Things that are here:
an arrow; a giant club The centaur shoots an arrow.
The arrow hits you!
* * * LOW HITPOINT WARNING * * *
You see here an arrow.
The centaur shoots an arrow.
The arrow hits you!
You die...

##........##
#..........#
#..........#
#..c.......#
#..........#
#..(.......#
##.(......# .....
##......## .....
#@###### #.... #(#
#...# #.# ... #.#
#.##.#
######....########
...........<.....#
######...........#
##..##......#


You could see a centaur.

Vanquished Creatures
  An ogre (D:7)
  A phantom (D:7)
  Blork the orc (D:4)
  A bullfrog (D:6)
  A scorpion (D:4)
  2 crimson imps (D:5)
  4 hounds
  4 orc priests
  A jelly (D:6)
  2 orc wizards (D:4)
  3 iguanas
  3 hound zombies
  A worker ant zombie (D:6)
  7 adders
  A shadow imp (D:6)
  An adder zombie (D:5)
  3 worms
  5 dart slugs
  6 leopard geckos
  11 orcs
  7 ball pythons
  12 bats
  3 giant cockroaches
  8 hobgoblins
  18 jackals
  5 quokkas
  2 frilled lizards
  6 goblins
  8 kobolds
  A quokka skeleton (D:4)
  8 rats
137 creatures vanquished.

Notes
Turn   | Place    | Note
-------+----------+-------------------------------------------
     0 | D:1      | Patate the Spriggan Enchanter began the quest for the Orb.
     0 | D:1      | Reached XP level 1. HP: 9/9 MP: 5/5
   169 | D:1      | Reached skill level 5 in Stealth
   432 | D:1      | Reached XP level 2. HP: 13/13 MP: 6/6
   957 | D:1      | Reached skill level 6 in Stealth
  1004 | D:1      | Reached XP level 3. HP: 3/16 MP: 8/8
  1469 | D:1      | Learned a level 2 spell: Ensorcelled Hibernation
  1473 | D:1      | Learned a level 3 spell: Confuse
  1912 | D:3      | Found an iron altar of Okawaru.
  2494 | D:2      | Reached XP level 4. HP: 21/21 MP: 9/9
  2933 | D:1      | Reached skill level 7 in Stealth
  4120 | D:3      | Reached skill level 8 in Stealth
  4172 | D:3      | Reached XP level 5. HP: 15/24 MP: 4/10
  4754 | D:4      | Noticed Blork the orc
  4760 | D:4      | Killed Blork the orc
  4760 | D:4      | Reached skill level 9 in Stealth
  4963 | D:4      | Reached XP level 6. HP: 28/28 MP: 11/11
  5089 | D:4      | Reached skill level 10 in Stealth
  5682 | D:5      | Entered Level 5 of the Dungeon
  6252 | D:5      | Reached skill level 5 in Dodging
  6364 | D:5      | Found Gival's Food Shop.
  6481 | D:5      | Reached XP level 7. HP: 32/32 MP: 12/12
  7781 | D:6      | Got a bound silver ring
  7782 | D:6      | Identified the ring of Xetag {Wiz rElec Str+4 Int+2} (You found it on level 6 of the Dungeon)
  9555 | D:7      | Reached XP level 8. HP: 34/36 MP: 7/13
  9603 | D:7      | Reached skill level 5 in Short Blades
  9617 | D:7      | Shot with an arrow by a centaur

Skill      XL: |  1  2  3  4  5  6  7  8 |
---------------+-------------------------+-----
Stealth        | 5 6 8 9 10 | 10.8
Dodging        | 4 5 7 |  7.9
Short Blades   | 2 4 5 |  5.1
Spellcasting   | |  2.6
Hexes          | |  3.6

Action                   |  1- 3 |  4- 6 |  7- 9 || total
-------------------------+-------+-------+-------++-------
Melee: Dagger            |   205 |   388 |   209 ||   802
 Cast: Corona            |     1 |     1 |       ||     2
       Ensorcelled Hiber |     6 |    40 |    34 ||    80
       Confuse           |       |     4 |    17 ||    21
  Use: Scroll            |       |     4 |    11 ||    15
       Potion            |       |       |     5 ||     5
 Stab: Sleeping          |    11 |    33 |    13 ||    57
       Distracted        |       |     1 |     1 ||     2
       Confused          |       |     2 |     6 ||     8
  Eat: Fruit             |       |     5 |       ||     5
       Bread ration      |       |     1 |     1 ||     2
Armor: Robe              |    39 |    41 |    10 ||    90
Dodge: Dodged            |   285 |   378 |   165 ||   828
